Map: 뉴 리퍼그넌시 - 래더

Players

Zest

  • Race: Protoss Protoss
  • League: Master
  • Spawn Location: 1:00

INnoVation - Winner!

  • Race: Terran Terran
  • League: Grandmaster
  • Spawn Location: 7:00

VOD

Have the link to the VOD?

Description

Time

  • Played on: April 23, 2019, 7:08 a.m.
  • Length: 8:36
Show
View Real Time Build Order
Export as new Build Order

Zest Protoss 

Build Orders: 1 Gate Expand, Blink Stalkers 

Get SALT Encoding   

  12  0:08  Pylon  
  12  0:12  Probe  
  13  0:22  Probe  
  14  0:30  Gateway  
  14  0:31  Probe  
  15  0:39  Probe  
  15  0:43  Assimilator  
  16  0:51  Probe  
  17  1:03  Probe  
  18  1:15  Probe  
  19  1:18  Cybernetics Core  
  19  1:28  Probe  
  20  1:34  Nexus  
  20  1:42  Pylon  
  20  1:44  Probe  
  20  1:45  Adept  
  21  1:57  Warp Gate  
  21  2:00  Probe  
  24  2:04  Assimilator  
  24  2:05  Stalker  
  24  2:12  Probe  
  27  2:24  Probe  
  28  2:31  Stalker  
  30  2:41  Probe  
  31  2:45  Twilight Council  
  31  2:47  Probe  
  32  2:53  Probe  
  32  2:56  Stalker  
  33  3:01  Probe  
  33  3:03  Blink  
  36  3:05  Probe  
  37  3:13  Probe  
  36  3:20  Probe  
  36  3:25  Probe  
  38  3:29  Gateway  
  38  3:34  Probe  
  39  3:37  Probe  
  40  3:42  Robotics Facility  
  40  3:46  Probe  
  41  3:53  Probe  
  42  3:58  Probe  
  43  4:04  Stalker  
  43  4:07  Pylon  
  43  4:09  Probe  
  46  4:11  Assimilator  
  46  4:23  Pylon, Observer  
  46  4:25  Probe x2  
  46  4:27  Shield Battery  
  46  4:30  Stalker  
  46  4:31  Stalker  
  53  4:37  Probe  
  54  4:40  Pylon  
  54  4:41  Probe  
  54  4:42  Shield Battery  
  55  4:50  Probe  
  56  4:53  Probe  
  56  4:59  Stalker x2  
  61  5:02  Probe  
  61  5:05  Probe  
  63  5:10  Observer  
  57  5:15  Probe  
  57  5:19  Probe  
  60  5:22  Stalker x2  
  60  5:27  Probe  
  60  5:28  Forge  
  65  5:31  Probe  
  65  5:34  Charge  
  66  5:39  Probe  
  66  5:43  Probe  
  66  5:48  Stalker  
  69  5:51  Probe  
  70  5:58  Forge  
  70  6:04  Templar Archives  
  70  6:07  Pylon  
  70  6:08  Assimilator  
  70  6:09  Pylon  
  70  6:25  Probe x2  
  72  6:30  Protoss Ground Armor Level 1  
  72  6:36  Gateway  
  72  6:37  Probe x2  
  72  6:38  Gateway, Observer  
  72  6:39  Gateway  
  74  6:40  Psionic Storm  
  74  6:41  Gateway  
  74  6:51  Gateway  
  74  6:54  Gateway  
  74  6:56  High Templar  
  74  6:58  Pylon  
  76  7:05  Nexus  
  76  7:12  Pylon  
  76  7:18  Probe x2  
  78  7:27  High Templar  
  78  7:28  High Templar  
  81  7:46  Stalker  
  81  7:50  High Templar  
  83  7:51  Probe x2  
  85  8:04  Probe x2, Zealot x6  
  97  8:12  Zealot  
  93  8:29  Archon x2  
Show
View Real Time Build Order
Export as new Build Order

INnoVation Terran - Winner!

Build Orders: Reaper Expand 

Get SALT Encoding   

  12  0:00  SCV  
  13  0:12  SCV  
  14  0:17  Supply Depot  
  14  0:24  SCV  
  15  0:38  SCV  
  15  0:40  Barracks  
  16  0:44  Refinery  
  16  0:50  SCV  
  17  1:02  SCV  
  18  1:15  SCV  
  19  1:27  Orbital Command, Reaper  
  20  1:42  Command Center  
  20  1:53  SCV  
  21  2:01  Barracks Reactor, Supply Depot  
  21  2:05  SCV  
  22  2:10  Refinery  
  22  2:17  SCV  
  22  2:21  Factory  
  23  2:29  SCV  
  24  2:37  Marine  
  24  2:38  Marine  
  24  2:41  SCV  
  27  2:53  SCV  
  27  2:55  Orbital Command, Marine x2  
  30  3:05  Widow Mine, Starport  
  32  3:06  SCV  
  31  3:13  Marine x2  
  31  3:18  SCV  
  32  3:21  SCV  
  31  3:28  Widow Mine  
  31  3:31  Marine x2  
  31  3:33  SCV  
  31  3:34  SCV  
  32  3:41  Medivac  
  37  3:43  Supply Depot  
  37  3:46  SCV x2  
  41  3:49  Factory Tech Lab, Marine x2  
  43  3:58  Bunker, SCV x2  
  45  4:07  Siege Tank  
  45  4:08  Marine x2  
  50  4:10  SCV x2  
  50  4:11  Starport Tech Lab  
  52  4:17  Barracks  
  52  4:22  Supply Depot  
  52  4:25  SCV  
  52  4:26  SCV  
  52  4:29  Supply Depot  
  54  4:40  Barracks  
  54  4:41  Refinery  
  54  4:44  Marine x2, SCV x2, Raven  
  60  4:50  Engineering Bay  
  60  4:55  Factory Tech Lab  
  60  4:56  SCV x2  
  62  5:05  Marine x2  
  62  5:08  SCV x2  
  62  5:12  Supply Depot  
  62  5:13  Refinery  
  62  5:16  Terran Infantry Weapons Level 1  
  62  5:18  Stimpack, Marine  
  62  5:20  SCV x2  
  65  5:23  Marine x2  
  65  5:25  Siege Tank  
  65  5:26  Supply Depot  
  70  5:34  SCV x2  
  70  5:35  Supply Depot, Starport Reactor  
  72  5:36  Marine x2  
  72  5:40  Marine  
  72  5:41  Marine  
  72  5:42  Combat Shield  
  76  5:46  SCV x2  
  76  5:49  Supply Depot  
  78  5:55  Marauder x2  
  82  5:58  Marine  
  82  5:59  Siege Tank  
  85  6:08  Supply Depot  
  85  6:12  Marine  
  85  6:15  Medivac x2  
  85  6:16  Supply Depot, Marine  
  91  6:20  Marauder  
  91  6:21  Marauder  
  95  6:35  Siege Tank  
  95  6:36  Marine x2  
  95  6:38  Command Center  
  100  6:42  Marauder x2  
  104  6:53  Medivac  
  104  6:54  Barracks  
  105  6:55  Barracks, Medivac  
  105  6:59  Marine x2  
  109  7:05  SCV x2  
  109  7:08  Supply Depot  
  111  7:10  Marauder  
  111  7:11  Marauder  
  111  7:14  Concussive Shells  
  115  7:17  SCV x2  
  116  7:24  Marine x2  
  116  7:29  SCV x2  
  119  7:31  Siege Tank  
  119  7:32  Marauder x2  
  121  7:42  Barracks Tech Lab, Barracks Reactor  
  121  7:45  Marine x2  
  121  7:49  Supply Depot  
  121  7:51  SCV x2  
  124  7:53  Marauder x2  
  128  8:03  Siege Tank, Marauder  
  133  8:07  Marine  
  133  8:08  Marine  
  134  8:14  SCV x2  
  134  8:15  Marauder  
Tags
 
Add a new tag
Caveats
  • Supply blocks, unpowered buildings, or Contaminate may cause inaccurate times.
  • Supply counts are checked every 10 seconds.